 Dungeon Crawl Stone Soup version 0.18.1-47-g9310371 (console) character file.

3061 Kloppie the Basher (level 9, -2/88 HPs)
             Began as a Gargoyle Berserker on June 13, 2016.
             Was a High Priest of Trog.
             Slain by an orc
             ... wielding a +0 trident
              (10 damage)
             ... on level 7 of the Dungeon.
             The game lasted 00:13:54 (7316 turns).

Kloppie the Basher (Gargoyle Berserker)             Turns: 7316, Time: 00:13:54

Health: -2/88      AC:  0    Str: 27    XL:     9   Next: 88%
Magic:  9/9        EV:  9    Int:  7    God:    Trog [*****.]
Gold:   434        SH:  0    Dex: 12    Spells: 0 memorised, 8 levels left

rFire  . . .     SeeInvis .     u - +0 mace
rCold  . . .     Gourm    .     G - +0 chain mail
rNeg   + + .     Faith    .     (no shield)
rPois  ∞         Spirit   .     (no helmet)
rElec  +         Dismiss  .     g - +0 cloak
rCorr  .         Reflect  .     h - +0 pair of gloves
SustAt .         Harm     .     (no boots)
MR     .....                    (no amulet)
Stlth  ..........               (no ring)
                                q - ring of positive energy

@: berserking, corroded, very quick, not resistant to hostile enchantments,
extremely unstealthy
A: negative energy resistance 1, electricity resistance, unbreathing,
petrification resistance, rot immunity, AC +5
a: Berserk, Trog's Hand, Brothers in Arms, Burn Spellbooks, Renounce Religion


You were on level 7 of the Dungeon.
You worshipped Trog.
Trog was extremely pleased with you.
You were not hungry.

You visited 1 branch of the dungeon, and saw 7 of its levels.

You collected 434 gold pieces.

Inventory:

Hand Weapons
 a - a +0 morningstar
 u - a +0 mace (weapon)
Armour
 g - a +0 cloak (worn)
 h - a +0 pair of gloves (worn)
 G - a +0 chain mail (worn)
Jewellery
 q - a ring of positive energy (left hand)
Wands
 j - a wand of polymorph (6/24)
 o - a wand of lightning (10/15)
 x - a wand of flame (0/48)
 y - a wand of slowing (12/48)
 C - a wand of iceblast (5/15)
Scrolls
 b - a scroll of teleportation
 k - 2 scrolls of remove curse
 v - a scroll of fog
 B - a scroll of blinking {unknown}
 D - 2 scrolls of identify
 E - a scroll of torment {unknown}
 F - a scroll of enchant armour {unknown}
Potions
 e - 2 potions of agility
 f - 2 potions of haste {unknown}
 l - a potion of mutation
 r - 2 potions of flight
 t - 6 potions of curing
 z - a potion of resistance
 A - a potion of brilliance {unknown}
Comestibles
 c - 8 bread rations
 d - 3 beef jerkies
 i - 6 chunks of flesh
 m - 3 fruits
 n - 5 meat rations
 s - 4 royal jellies


   Skills:
 + Level 8.2 Fighting
 * Level 10.0 Maces & Flails
 + Level 7.6 Armour
 - Level 1.5 Dodging


You had 8 spell levels left.
You didn't know any spells.

Dungeon Overview and Level Annotations

Branches:
Dungeon (7/15)             Temple (0/1) D:7

Altars:
Cheibriados
Sif Muna


Innate Abilities, Weirdness & Mutations

You are resistant to torment.
Your stone body is resilient (AC +5).
You are immune to poison.
You resist negative energy.
You are resistant to electric shocks.
You can survive without breathing.
You are immune to petrification.
You are immune to rotting.


Message History

* * * LOW HITPOINT WARNING * * *
A red film seems to cover your vision as you go berserk!
You feel yourself moving faster!
You feel mighty!
You feel somewhat more hungry. The orc hits you with a dagger.
* * * LOW HITPOINT WARNING * * *
An orc comes into view. It is wielding a trident.
The orc shouts!
You hit the orc.
The orc is heavily wounded.
You hear a shout!
You thump the orc!
You feel the power of Trog in you as your rage grows.
You kill the orc!
Trog accepts your kill.
The orc hits you from afar with a trident!
* * * LOW HITPOINT WARNING * * *
An orc comes into view. It is wielding a flail.
The orc shouts!
The orc hits you with a trident!
You die...

..###....
.... ....
.... ###..
#########.##
#.@........#
#o##########
#o# #.# #.#
########.#.#
#..........#
#..........#
#..........#


You could see 2 orcs.

Vanquished Creatures
  Joseph (D:7)
  Grinder (D:5)
  Sigmund (D:3)
  Menkaure (D:7)
  An orc warrior (D:7)
  An ice beast (D:6)
  An ogre (D:4)
  A phantom (D:7)
  2 black bears (D:6)
  3 centaurs
  A big kobold (D:7)
  A scorpion (D:6)
  4 wights (D:7)
  A howler monkey (D:6)
  A centaur zombie (D:6)
  2 crimson imps
  2 jellies (D:7)
  3 hounds (D:7)
  6 orc wizards
  4 orc priests
  3 iguanas
  Natasha (thrice) (D:3)
  6 worker ants
  A hound skeleton (D:7)
  Robin (D:3)
  A worker ant zombie (D:4)
  7 adders
  4 gnolls (D:3)
  3 shadow imps (D:5)
  An adder skeleton (D:4)
  6 worms
  A dart slug (D:3)
  5 giant geckos
  26 orcs
  4 ball pythons
  4 giant cockroaches
  18 goblins
  13 hobgoblins
  10 jackals
  4 quokkas
  6 bats
  2 giant newts
  11 kobolds
  A quokka zombie (D:5)
  12 rats
191 creatures vanquished.

Notes
Turn   | Place    | Note
--------------------------------------------------------------
     0 | D:1      | Kloppie the Gargoyle Berserker began the quest for the Orb.
     0 | D:1      | Reached XP level 1. HP: 14/14 MP: 1/1
   268 | D:1      | Reached XP level 2. HP: 19/19 MP: 2/2
   744 | D:2      | Reached XP level 3. HP: 24/24 MP: 3/3
   922 | D:2      | Reached ** piety under Trog
  1055 | D:2      | Reached XP level 4. HP: 26/29 MP: 4/4
  1442 | D:2      | Reached skill level 4 in Maces & Flails
  1984 | D:3      | Reached XP level 5. HP: 34/34 MP: 5/5
  2230 | D:3      | Noticed Sigmund
  2398 | D:4      | Got a polished whip
  2399 | D:4      | Identified the cursed +0 whip "Askoem" {speed, Str+3} (You found it on level 4 of the Dungeon)
  2458 | D:4      | Reached skill level 5 in Maces & Flails
  2458 | D:4      | Reached XP level 6. HP: 18/39 MP: 6/6
  2487 | D:4      | Reached *** piety under Trog
  2704 | D:4      | Reached skill level 5 in Fighting
  3371 | D:4      | Reached XP level 7. HP: 42/44 MP: 7/7
  3531 | D:3      | Noticed Robin
  3578 | D:3      | Killed Robin
  3673 | D:3      | Noticed Natasha
  3692 | D:3      | Killed Natasha
  3738 | D:3      | Killed Sigmund
  3738 | D:3      | Reached skill level 6 in Maces & Flails
  3990 | D:3      | Noticed Natasha
  4002 | D:3      | Killed Natasha
  4258 | D:3      | Noticed Natasha
  4271 | D:3      | Killed Natasha
  4271 | D:3      | Reached **** piety under Trog
  4368 | D:3      | Found a snail-covered altar of Cheibriados.
  4418 | D:5      | Entered Level 5 of the Dungeon
  4440 | D:5      | Noticed Grinder
  4465 | D:5      | Paralysed by Grinder for 5 turns
  4473 | D:5      | Killed Grinder
  4473 | D:5      | Reached skill level 7 in Maces & Flails
  4473 | D:5      | Reached skill level 5 in Armour
  4473 | D:5      | Reached XP level 8. HP: 37/51 MP: 8/8
  4838 | D:5      | Received a gift from Trog
  5316 | D:6      | Reached skill level 8 in Maces & Flails
  5540 | D:6      | Found a deep blue altar of Sif Muna.
  5579 | D:6      | Reached XP level 9. HP: 57/57 MP: 9/9
  5942 | D:7      | Noticed Menkaure
  5951 | D:7      | Killed Menkaure
  6220 | D:7      | Noticed Joseph
  6244 | D:7      | Killed Joseph
  6244 | D:7      | Reached skill level 9 in Maces & Flails
  6554 | D:7      | Found a staircase to the Ecumenical Temple.
  7174 | D:7      | Reached ***** piety under Trog
  7235 | D:7      | Reached skill level 10 in Maces & Flails
  7316 | D:7      | Slain by an orc

Skill      XL: |  1  2  3  4  5  6  7  8  9 |
---------------+----------------------------+-----
Fighting       | 4 5 6 7 8 |  8.2
Armour         | 3 4 5 6 7 |  7.6
Maces & Flails | 4 5 7 8 10 | 10.0
Dodging        | |  1.5

Action                   |  1- 3 |  4- 6 |  7- 9 || total
-------------------------+-------+-------+-------++-------
Melee: Mace              |   108 |   152 |   446 ||   706
       Whip              |       |    69 |   171 ||   240
       Morningstar       |       |       |    11 ||    11
Invok: Berserk           |     1 |     5 |    10 ||    16
       Trog's Hand       |       |       |     3 ||     3
Evoke: Wand              |       |       |     4 ||     4
  Use: Scroll            |       |     8 |     3 ||    11
       Potion            |       |     2 |     3 ||     5
  Eat: Chunk             |     2 |    11 |    23 ||    36
       Pizza             |       |       |     1 ||     1
Armor: Animal skin       |     7 |       |       ||     7
       Ring mail         |    61 |    89 |       ||   150
       Scale mail        |       |    14 |   311 ||   325
       Chain mail        |       |       |    97 ||    97
Dodge: Dodged            |    75 |   129 |   339 ||   543
